 Dungeon Crawl Stone Soup version 0.30-a0-1160-g6e42c06551 (webtiles) character file.

Game seed: 5301200799804392471

27 LobsterGuardian the Chopper (level 3, -1/29 HPs)
             Began as a Human Cinder Acolyte on Apr 27, 2023.
             Was a High Priest of Ignis.
             Slain by a kobold
             ... wielding a +0 club
              (4 damage)
             ... on level 1 of the Dungeon.
             The game lasted 00:03:36 (563 turns).

LobsterGuardian the Chopper (Human Cinder Acolyte)   Turns: 563, Time: 00:03:37

Health: -1/29      AC:  2    Str: 16    XL:     3   Next: 25%
Magic:  1/4        EV: 11    Int: 14    God:    Ignis [*****.]
Gold:   26         SH:  0    Dex:  8    Spells: 2/4 levels left

rFire   + . .        a - -1 hand axe (flame)
rCold   . . .        (no shield)
rNeg    . . .        b - +0 robe
rPois   .            (no helmet)
rElec   .            (no cloak)
rCorr   .            (no gloves)
SInv    .            (no boots)
Will    .....        (no amulet)
Stlth   +            (no ring)
HPRegen 0.24/turn    (no ring)
MPRegen 0.09/turn

%: no passive effects
@: no status effects
A: no striking features
a: Renounce Religion, Fiery Armour, Foxfire Swarm, Rising Flame


You were on level 1 of the Dungeon.
You worshipped Ignis.
Ignis was extremely pleased with you.
You visited 1 branch of the dungeon, and saw 1 of its levels.

You collected 26 gold pieces.

Inventory:

Hand Weapons
 a - a -1 hand axe of flaming (weapon)
Armour
 b - a +0 robe (worn)
Scrolls
 c - a scroll of amnesia {unknown}
 e - a scroll of immolation {unknown}
 f - a scroll of magic mapping {unknown}
 g - a scroll of acquirement {unknown}
 h - a scroll of vulnerability {unknown}


   Skills:
 + Level 3.2 Fighting
 - Level 0.1 Short Blades
 * Level 3.7 Axes
 + Level 1.1 Spellcasting
 + Level 3.1 Fire Magic


You had 2 spell levels left.
You knew the following spells:

 Your Spells              Type           Power      Damage    Failure   Level
a - Scorch                Fire           18%        2d5       11%         2

Your spell library contained the following spells:

 Spells                   Type           Power      Damage    Failure   Level
 Kiss of Death            Conj/Necr      0%         2d5       26%         1
 Confusing Touch          Hex            0%         N/A       61%         3
 Dispel Undead            Necr           0%         3d6       95%         4
 Malign Gateway           Summ/Tloc      0%         N/A       100%        7
 Summon Horrible Things   Summ           0%         N/A       100%        8


Dungeon Overview and Level Annotations

Branches:
Dungeon (1/15)

Altars:

Shops:
D:1 :


Message History

You hit the hobgoblin. You burn the hobgoblin. The hobgoblin barely misses you.
Unknown command.
You barely miss the hobgoblin.
The hobgoblin is almost dead.
You hit the kobold but do no damage. The hobgoblin barely misses you.
The kobold barely misses you.
Unknown command.
You hit the hobgoblin. You burn the hobgoblin.
You kill the hobgoblin!
You miss the kobold. The kobold hits you with a +0 club.
You barely miss the kobold. The kobold hits you with a +0 club.
You are too injured to fight recklessly!
Casting: Scorch (safe; 11% risk of failure)
Confirm with . or Enter, or press ? or * to list all spells.
Okay, then.
You closely miss the kobold. Your punch misses the kobold.
The kobold barely misses you.
You hit the kobold. You burn the kobold.
The kobold is severely wounded.
The kobold hits you with a +0 club.
You closely miss the kobold.
The kobold is severely wounded.
The kobold barely misses you.
You barely miss the kobold.
The kobold is severely wounded.
The kobold hits you with a +0 club.
* * * LOW HITPOINT WARNING * * *
You closely miss the kobold.
The kobold is severely wounded.
The kobold hits you with a +0 club.
* * * LOW HITPOINT WARNING * * *
The kobold hits you with a +0 club.
* * * LOW HITPOINT WARNING * * *
Unknown command.
It was a potion of cancellation.
You feel magically purged. The kobold closely misses you.
You barely miss the kobold.
The kobold is severely wounded.
The kobold hits you with a +0 club.
You die...

#.#.# #.#.#
##.#.# ....#
...## $# ...
.####
#.#K#####.....
####.#@##...!....
#....†.......##.#
#.##.....†......#
###.##.†...?..
#.##.†..####
#.##....#
#.......#
#..#.#.## #
#...###.##### ##


You could see a kobold.

Vanquished Creatures
  A dart slug (D:1)
  3 ball pythons (D:1)
  5 bats (D:1)
  An endoplasm (D:1)
  2 giant cockroaches (D:1)
  A goblin (D:1)
  4 hobgoblins (D:1)
  A quokka (D:1)
  2 frilled lizards (D:1)
  A kobold (D:1)
  2 rats (D:1)
23 creatures vanquished.

Notes
Turn   | Place    | Note
-------+----------+-------------------------------------------
     0 | D:1      | LobsterGuardian the Human Cinder Acolyte began the quest
                  | for the Orb.
     0 | D:1      | Reached XP level 1. HP: 18/18 MP: 2/2
   128 | D:1      | Reached XP level 2. HP: 6/24 MP: 3/3
   131 | D:1      | Learned a level 2 spell: Scorch
   201 | D:1      | Found a faded altar of an unknown god.
   245 | D:1      | Found Xyetiyse's Book Boutique.
   539 | D:1      | Reached XP level 3. HP: 29/29 MP: 1/4
   563 | D:1      | Slain by a kobold

Illustrated notes

Levels and vault maps discovered:
D:1:      giann_wishing_wells, layout_loops_ring,
          hellmonk_ecumenical_altar_run_dry, serial_shops,
          nicolae_shop_tiny_statue_garden

Action                     || total
---------------------------++-------
  Melee: Hand axe          ||    60
         Dagger            ||    12
   Cast: Scorch            ||     6
 Invoke: Fiery Armour      ||     1
    Use: Potion            ||     1
 Armour: Robe              ||    23
  Dodge: Dodged            ||    45

Table legend: (Time is in decaauts)
 A = Elapsed time spent in this place.
 B = Non-inter-level travel time spent in this place.
 C = Inter-level travel time spent in this place.
 D = Time resting spent in this place.
 E = Time spent auto-exploring this place.
 F = Levels seen in this place.
 G = Mean time per level.
                   A        B        C        D        E       F      G
               +--------+--------+--------+--------+--------+-----+--------+
         Total |    569 |    548 |     21 |      0 |    392 |   1 |  569.0 |
       Dungeon |    569 |    548 |     21 |      0 |    392 |   1 |  569.0 |
               +--------+--------+--------+--------+--------+-----+--------+

Top non-repeatable levels by time:
     D:1: 569 daAuts
